 Dungeon Crawl Stone Soup version 0.30-a0-509-gd016549fea (webtiles) character file.

Game seed: 13617226348078674476

75 tsouns the Trooper (level 4, -1/44 HPs)
             Began as a Troll Brigand on Dec 22, 2022.
             Frozen to death by an endoplasm (3 damage)
             ... on level 3 of the Dungeon.
             The game lasted 00:02:28 (1559 turns).

tsouns the Trooper (Troll Brigand)                  Turns: 1559, Time: 00:02:29

Health: -1/44      AC:  5    Str: 19    XL:     4   Next: 11%
Magic:  3/3        EV:  9    Int:  9    God:
Gold:   137        SH:  0    Dex: 11    Spells: 3/3 levels left

rFire   . . .      SeeInvis .      - Unarmed
rCold   . . .      Faith    .    (no shield)
rNeg    . . .      Spirit   .    b - +0 robe
rPois   .          Reflect  .    (helmet restricted)
rElec   .          Harm     .    c - +0 cloak
rCorr   .          Rampage  .    (gloves unavailable)
Will    .....                    (boots unavailable)
Stlth   ++........               (no amulet)
HPRegen 1.07/turn                (no ring)
MPRegen 0.08/turn                (no ring)

@: lethally poisoned (-1 -> -4)
A: large, unfitting armour, claws 3, regeneration 1, shaggy fur 1, tough skin 1
a: no special abilities


You were on level 3 of the Dungeon.
You visited 1 branch of the dungeon, and saw 3 of its levels.

You collected 137 gold pieces.

Inventory:

Hand Weapons
 a - a +2 dagger
 g - a +1 dagger of venom
Missiles
 d - 9 poisoned darts (quivered)
 e - 3 curare-tipped darts
Armour
 b - a +0 robe (worn)
 c - a +0 cloak (worn)
Scrolls
 h - 4 scrolls of identify {unknown}
 i - a scroll of fear {unknown}
 j - a scroll of blinking {unknown}
 k - a scroll of amnesia {unknown}
 l - 2 scrolls of enchant weapon {unknown}
 m - a scroll of teleportation {unknown}
Potions
 f - a potion of attraction {unknown}
 n - a potion of flight {unknown}
 o - a potion of mutation {unknown}


   Skills:
 + Level 2.8 Fighting
 - Level 1.5 Short Blades
 - Level 1.7 Throwing
 - Level 0.7 Dodging
 - Level 2.1 Stealth
 + Level 2.5 Unarmed Combat


You had 3 spell levels left.
You didn't know any spells.
Your spell library contained the following spells:

 Spells                   Type           Power      Damage    Failure   Level
 Magic Dart               Conj           0%         1d3       38%         1
 Sting                    Tmut/Pois      0%         1d3       38%         1
 Call Imp                 Summ           0%         N/A       52%         2
 Poisonous Vapours        Pois/Air       0%         N/A       52%         2
 Ignite Poison            Fire/Tmut/Pois 0%         N/A       77%         3
 Mephitic Cloud           Conj/Pois/Air  0%         N/A       77%         3
 Olgreb's Toxic Radiance  Pois           0%         N/A       99%         4
 Sticky Flame             Conj/Fire      0%         2d3       99%         4
 Ignition                 Fire           0%         3d3       100%        8


Dungeon Overview and Level Annotations

Branches:
Dungeon (3/15)

Altars:


Innate Abilities, Weirdness & Mutations

You are too large for most types of armour.
You have claws for hands.
Your natural rate of healing is unusually fast.
You are covered in fur. (AC +1)
You have tough skin. (AC +1)


Message History

You miss the adder.
The adder is heavily wounded.
You feel sick.
The frilled lizard hisses angrily.
The adder bites you.
You are more poisoned.
The adder poisons you! The kobold barely misses you.
The endoplasm hits you but does no damage.
You miss the adder.
The adder is heavily wounded.
You feel sick. The adder bites you.
You are more poisoned.
The adder poisons you! The endoplasm freezes you.
You are frozen.
The kobold hits you but does no damage. The adder bites you.
You barely miss the adder.
The adder is moderately wounded.
You feel very sick. The kobold hits you with a +0 whip.
The endoplasm freezes you.
You are frozen.
* * * LOW HITPOINT WARNING * * *
The adder bites you.
* * * LOW HITPOINT WARNING * * *
You are more poisoned.
The adder poisons you!
You barely miss the adder.
The adder is moderately wounded.
You feel very sick. The endoplasm closely misses you.
The kobold hits you but does no damage. The adder closely misses you.
Unknown command.
You closely miss the adder.
The adder is moderately wounded.
You feel very sick. The adder closely misses you.
The kobold hits you with a +0 whip.
* * * LOW HITPOINT WARNING * * *
The endoplasm freezes you.
You are frozen.
You die...

#^..# #.... ######...#
###.... ...##...#
##......
##.##...####..###.#
###### ##.......##...##
#.#
.#.....##..#.....##.###
#.#
........#.#####.##..#
#.#
..........KS.......##
#.# ........<.#@.#...###
#.#
........S.##J.........#
#.#
...[...>K##...........#
#.#
......S..##..l....###...
#.......###........ ..
......... #.........
.........##.......#..
.........##.......##.
..........


You could see an adder, an endoplasm, a kobold and a frilled lizard.

Vanquished Creatures
  3 adders
  A worm (D:2)
  A dart slug (D:2)
  4 ball pythons
  3 endoplasms
  3 giant cockroaches
  4 goblins
  4 hobgoblins
  2 quokkas (D:2)
  6 bats
  4 kobolds
  6 rats
41 creatures vanquished.

Notes
Turn   | Place    | Note
-------+----------+-------------------------------------------
     0 | D:1      | tsouns the Troll Brigand began the quest for the Orb.
     0 | D:1      | Reached XP level 1. HP: 19/19 MP: 0/0
     4 | D:1      | Noticed an electric eel
     6 | D:1      | Noticed an electric eel
   176 | D:1      | Reached skill level 1 in Unarmed Combat
   180 | D:1      | Reached XP level 2. HP: 28/28 MP: 1/1
   782 | D:2      | Reached XP level 3. HP: 35/35 MP: 2/2
  1553 | D:3      | Reached XP level 4. HP: 38/44 MP: 3/3
  1559 | D:3      | HP: 2/44 [kobold/+0 whip (4)]
  1559 | D:3      | Frozen to death by an endoplasm

Illustrated notes

Levels and vault maps discovered:
D:1:      arrival_aquarium_b, layout_loops_ring
D:2:      layout_basic, serial_aquarium, aquarium_bridge_long_joined
          [aquarium_subvault_window, aquarium_subvault_wall,
          aquarium_subvault_wall, aquarium_subvault_bridge,
          aquarium_subvault_window, aquarium_subvault_wall],
          aquarium_window_double, aquarium_window_1, aquarium_window_2,
          aquarium_window_1, aquarium_view_2d, aquarium_view_2d,
          aquarium_pool_2, minmay_misc_feat_rows
D:3:      layout_rooms, grunt_gozag_breadcrumbs, mainiacjoe_overflow_24_doors,
          uniq_grinder, uniq_ijyb

Skill      XL: |  1  2  3 |
---------------+----------+-----
Unarmed Combat | 1 2 |  2.5
Fighting       | 2 |  2.8
Short Blades   | |  1.5
Throwing       | |  1.7
Dodging        | |  0.7
Stealth        | |  2.1

Action                   |  1- 3 |  4- 6 || total
-------------------------+-------+-------++-------
Melee: Unarmed           |   126 |     7 ||   133
  Use: Potion            |     2 |       ||     2
 Stab: Sleeping          |     6 |       ||     6
Armor: Robe              |    52 |     4 ||    56
Dodge: Dodged            |    52 |     6 ||    58

Table legend: (Time is in decaauts)
 A = Elapsed time spent in this place.
 B = Non-inter-level travel time spent in this place.
 C = Inter-level travel time spent in this place.
 D = Time resting spent in this place.
 E = Time spent auto-exploring this place.
 F = Levels seen in this place.
 G = Mean time per level.
                   A        B        C        D        E       F      G
               +--------+--------+--------+--------+--------+-----+--------+
         Total |   1535 |   1448 |     87 |      0 |   1105 |   3 |  511.7 |
       Dungeon |   1535 |   1448 |     87 |      0 |   1105 |   3 |  511.7 |
               +--------+--------+--------+--------+--------+-----+--------+

Top non-repeatable levels by time:
     D:2: 844 daAuts
     D:1: 636 daAuts
     D:3: 54 daAuts
